 Dungeon Crawl Stone Soup version 0.14-a0-953-g9e7f188 (webtiles) character file.

311 Malachi the Chucker (level 5, 0/50 HPs)
             Began as a Troll Hunter on Nov 20, 2013.
             Succumbed to a scorpion's poison
             ... on Level 4 of the Dungeon.
             The game lasted 00:05:52 (2316 turns).

Malachi the Chucker (Troll Hunter)                  Turns: 2316, Time: 00:05:52

HP   0/50        AC  5     Str 26      XL: 5   Next: 47%
MP   1/1         EV 16     Int  7      God:
Gold 113         SH  0     Dex 15      Spells:  0 memorised,  4 levels left

Res.Fire  : . . .   See Invis. : .     - Unarmed
Res.Cold  : . . .   Warding    : .   d - +0 animal skin
Life Prot.: . . .   Conserve   : .   (shield restricted)
Res.Poison: .       Res.Corr.  : .   (helmet restricted)
Res.Elec. : .       Clarity    : .   (no cloak)
Sust.Abil.: . .     Spirit.Shd : .   (gloves unavailable)
Res.Mut.  : .       Stasis     : .   (boots unavailable)
Res.Rott. : .       Flight     : .   (no amulet)
Gourmand  : +                        (no ring)
                                     (no ring)

@: mighty, agile, very poisoned, slowed, very slow, slightly resistant to
hostile enchantments, stealthy
A: unfitting armour, claws 3, fast metabolism 3, gourmand, regeneration 2,
saprovore 2, shaggy fur 1, tough skin 2
a: no special abilities


You were on level 4 of the Dungeon.
You were completely stuffed.

You visited 1 branch of the dungeon, and saw 4 of its levels.

You collected 113 gold pieces.

Inventory:

Hand weapons
 l - a +0,+0 club
 v - a +3,+1 elven whip
Missiles
 b - 2 large rocks (quivered)
 c - 2 throwing nets
 F - 3 javelins
Armour
 d - a +0 animal skin (worn)
Comestibles
 a - 2 meat rations
 f - a choko
 h - 2 pears
 o - a bread ration
 q - 2 apples
 w - a chunk of ball python flesh
Scrolls
 e - a scroll of amnesia {unknown}
 m - a scroll of recharging {unknown}
 n - 4 scrolls of identify {unknown}
 p - 2 scrolls of remove curse {unknown}
 r - a scroll of enchant weapon II {unknown}
 s - 2 scrolls of fear {unknown}
 y - a scroll of random uselessness {unknown}
 A - 2 scrolls of fog {unknown}
 E - a scroll of curse weapon {unknown}
 G - 2 scrolls of teleportation {unknown}
Jewellery
 u - an uncursed ring of wizardry
Potions
 k - a potion of slowing
Magical staves
 t - an uncursed staff of cold


   Skills:
 + Level 2.1 Fighting
 - Level 1.6 Maces & Flails
 + Level 4.3 Throwing
 + Level 3.2 Dodging
 - Level 0.4 Stealth
 * Level 1.6 Unarmed Combat


You had 4 spell levels left.
You didn't know any spells.

Dungeon Overview and Level Annotations

Branches:
Dungeon (4/16)
 Temple: D:4-7

Altars:
Elyvilon
Fedhas
Trog


Innate Abilities, Weirdness & Mutations

You are too large for most types of armour.
You have claws for hands.
Your metabolism is lightning-fast.
You like to eat raw meat.
You heal very quickly.
You can eat rotten meat.
You are covered in fur (AC +1).
You have very tough skin (AC +2).


Message History

You are too injured to fight recklessly!
You are too injured to fight recklessly!
You feel less confused.
* * * LOW HITPOINT WARNING * * *
You feel very sick. The giant gecko misses you.
You hit the giant gecko.
The giant gecko begins to bleed from its wounds!
The giant gecko is severely wounded.
* * * LOW HITPOINT WARNING * * *
You feel sick. The giant gecko bites you.
* * * LOW HITPOINT WARNING * * *
You miss the giant gecko.
The giant gecko is severely wounded.
* * * LOW HITPOINT WARNING * * *
You feel very sick. The giant gecko barely misses you.
The giant gecko misses you.
You barely miss the giant gecko.
The giant gecko is severely wounded.
You die...

......# .......#
........## ....(.....
.........# #+#
..(......# #.# ..
....%.....###.###...
.........%...........
..(.....l@...%.......
....................
.....................
.....................
.)...................
...$.................
....................
....................
.....................


You could see a giant gecko (bleeding).

Vanquished Creatures
  A hound (D:3)
  A scorpion (D:4)
  7 adders
  2 worms
  5 giant geckos
  An ooze (D:3)
  2 ball pythons
  2 giant cockroaches
  5 goblins
  6 hobgoblins
  8 jackals
  2 quokkas
  6 bats
  2 giant newts (D:3)
  6 kobolds
  A kobold skeleton (D:4)
  10 rats
67 creatures vanquished.

Vanquished Creatures (others)
  A wizard (D:3)
1 creature vanquished.

Grand Total: 68 creatures vanquished

Notes
Turn   | Place    | Note
--------------------------------------------------------------
     0 | D:1      | Malachi, the Troll Hunter, began the quest for the Orb.
     0 | D:1      | Reached XP level 1. HP: 20/20 MP: 0/0
   151 | D:1      | Reached XP level 2. HP: 16/28 MP: 0/0
   366 | D:1      | Reached skill level 4 in Throwing
   812 | D:2      | Reached XP level 3. HP: 30/35 MP: 1/1
   885 | D:2      | Reached skill level 1 in Maces & Flails
  1111 | D:2      | Reached XP level 4. HP: 26/42 MP: 1/1
  1176 | D:2      | Found a blossoming altar of Fedhas.
  1502 | D:3      | Found a bloodstained altar of Trog.
  1502 | D:3      | Noticed a wizard
  1509 | D:3      | Killed a wizard
  2061 | D:3      | Reached XP level 5. HP: 37/50 MP: 1/1
  2082 | D:3      | Found a white marble altar of Elyvilon.
  2315 | D:4      | HP: 1/50 [poisoned by a scorpion]
  2316 | D:4      | Succumbed to a scorpion's poison

Action                   |  1- 3 |  4- 6 || total
-------------------------+-------+-------++-------
Melee: Unarmed           |    22 |    30 ||    52
       Club              |    92 |       ||    92
       Whip              |    16 |   138 ||   154
Throw: Large rock        |     5 |     7 ||    12
  Use: Potion            |       |     4 ||     4
